 Dungeon Crawl Stone Soup version 0.29.1-1-gd02db6906a (webtiles) character file.

Game seed: 1699895629118890613

96 fireball365 the Magician (level 4, 0/24 HPs)
             Began as a Deep Elf Earth Elementalist on Oct 8, 2022.
             Slain by a quokka (1 damage)
             ... on level 3 of the Dungeon.
             The game lasted 00:14:01 (3779 turns).

fireball365 the Magician (DEEE)                     Turns: 3779, Time: 00:14:01

Health: 0/24       AC:  5    Str:  7    XL:     4   Next: 41%
Magic:  12/12      EV: 10    Int: 20    God:
Gold:   28         SH:  0    Dex: 15    Spells: 11/12 levels left

rFire   . . .      SeeInvis .   y - +0 war axe
rCold   . . .      Faith    .   (no shield)
rNeg    . . .      Spirit   .   g - +0 ring mail
rPois   .          Reflect  .   (no helmet)
rElec   .          Harm     .   (no cloak)
rCorr   .          Rampage  .   (no gloves)
Will    .....                   (no boots)
Stlth   ++........              (no amulet)
HPRegen 0.08/turn               (no ring)
MPRegen 0.13/turn               (no ring)

@: no status effects
A: no striking features
a: no special abilities


You were on level 3 of the Dungeon.
You visited 1 branch of the dungeon, and saw 3 of its levels.

You collected 28 gold pieces.

Inventory:

Hand Weapons
 j - a +0 sling
 o - a +1 dagger of venom
 t - a +1 mace
 u - a +0 whip
 x - a +0 hand axe
 y - a +0 war axe (weapon)
 z - a +0 dire flail
Missiles
 c - 2 boomerangs
 h - 22 stones
Armour
 a - a +0 robe
 d - a +0 leather armour
 g - a +0 ring mail (worn)
 r - a +0 chain mail
Scrolls
 e - 2 scrolls of teleportation
 i - 2 scrolls of identify
 m - a scroll of summoning {unknown}
 n - a scroll of immolation {unknown}
 q - a scroll of magic mapping
 w - a scroll of fear {unknown}
Potions
 b - a potion of magic
 f - a potion of mutation {unknown}
 k - a potion of degeneration {unknown}
 l - a potion of haste {unknown}
 p - a potion of might {unknown}
 s - a potion of heal wounds {unknown}
 v - a potion of berserk rage {unknown}
 A - 2 potions of curing {unknown}


   Skills:
 + Level 0.2 Fighting
 + Level 0.2 Armour
 + Level 2.8 Dodging
 + Level 3.0 Stealth
 + Level 4.5 Spellcasting
 + Level 1.1 Transmutations
 + Level 4.4 Earth Magic


You had 11 spell levels left.
You knew the following spells:

 Your Spells              Type           Power      Damage    Failure   Level
a - Sandblast             Erth           44%        2d11      7%          1

Your spell library contained the following spells:

 Spells                   Type           Power      Damage    Failure   Level
 Passwall                 Tmut/Erth      12%        N/A       22%         2
 Wereblood                Tmut           8%         N/A       38%         2
 Stone Arrow              Conj/Erth      26%        3d8       45%         3
 Sublimation of Blood     Necr           4%         N/A       54%         2
 Petrify                  Tmut/Erth      15%        N/A       80%         4
 Summon Hydra             Summ           2%         N/A       100%        7


Dungeon Overview and Level Annotations

Branches:
Dungeon (3/15)

Altars:


Message History

The quokka is severely wounded.
The quokka bites you but does no damage.
The quokka bites you.
You closely miss the quokka.
The quokka is heavily wounded.
The quokka bites you. The quokka barely misses you.
You barely miss the quokka.
The quokka is heavily wounded.
The quokka bites you but does no damage.
The quokka barely misses you.
You closely miss the quokka.
The quokka is heavily wounded.
The quokka bites you but does no damage.
The quokka barely misses you.
You closely miss the quokka.
The quokka is heavily wounded.
The quokka closely misses you.
You completely miss the quokka.
The quokka is heavily wounded.
The quokka barely misses you. The quokka bites you.
* * * LOW HITPOINT WARNING * * *
You closely miss the quokka.
The quokka is heavily wounded.
The quokka barely misses you. The quokka bites you.
* * * LOW HITPOINT WARNING * * *
You hit the quokka.
The quokka is severely wounded.
The quokka bites you but does no damage.
The quokka bites you.
* * * LOW HITPOINT WARNING * * *
You closely miss the quokka.
The quokka is severely wounded.
The quokka bites you but does no damage. x2
You barely miss the quokka.
The quokka is severely wounded.
The quokka closely misses you.
You barely miss the quokka.
The quokka is severely wounded.
The quokka barely misses you. The quokka bites you.
You die...

######## .#
##......##.## #....
.)....# #..# #.....
##..####.... ......##..#
#######.#
##..#.##..######.......#
#.............r@#
##.####.######### #..
...# ########


You could see a quokka.

Vanquished Creatures
  2 adders (D:2)
  A worm (D:2)
  2 dart slugs
  4 orcs (D:3)
  5 ball pythons
  8 bats
  6 endoplasms
  3 giant cockroaches
  8 goblins
  5 hobgoblins
  3 jackals (D:1)
  5 quokkas (D:2)
  4 frilled lizards
  6 kobolds
  2 rats (D:1)
  18 bushes (D:3)
82 creatures vanquished.

Vanquished Creatures (others)
  2 plants (D:3)
2 creatures vanquished.

Grand Total: 84 creatures vanquished

Notes
Turn   | Place    | Note
-------+----------+-------------------------------------------
     0 | D:1      | fireball365 the Deep Elf Earth Elementalist began the quest
                  | for the Orb.
     0 | D:1      | Reached XP level 1. HP: 10/10 MP: 6/6
   271 | D:1      | Reached XP level 2. HP: 15/15 MP: 5/8
  1165 | D:1      | Reached XP level 3. HP: 19/19 MP: 2/10
  1469 | D:2      | Found a faded altar of an unknown god.
  1752 | D:2      | Reached XP level 4. HP: 24/24 MP: 10/12
  3776 | D:3      | HP: 1/24 [quokka (3)]
  3779 | D:3      | Slain by a quokka

Illustrated notes

Levels and vault maps discovered:
D:1:      shiori_arrival_maze, layout_loops_corners
D:2:      layout_basic, shapermc_ecumenical_altar_notcrosses, basic_altar,
          kennysheep_generic_room_10
D:3:      layout_loops_corners, nicolae_tso_swordbearing_angel, serial_forest,
          infiniplex_forest_lined_3, infiniplex_forest_straight_2,
          infiniplex_forest_lined_2, infiniplex_forest_clump_small,
          infiniplex_forest_end_3, infiniplex_forest_end_2,
          infiniplex_forest_fountain, uniq_robin, uniq_ijyb

Skill      XL: |  1  2  3  4 |
---------------+-------------+-----
Earth Magic    | 4 |  4.4
Spellcasting   | 4 |  4.5
Stealth        | 3 |  3.0
Fighting       | |  0.2
Armour         | |  0.2
Dodging        | |  2.8
Transmutations | |  1.1

Action                   |  1- 3 |  4- 6 || total
-------------------------+-------+-------++-------
Melee: Dagger            |     3 |       ||     3
       Mace              |     2 |       ||     2
       War axe           |       |  1112 ||  1112
       Punch             |       |    18 ||    18
 Cast: Sandblast         |    63 |    23 ||    86
  Use: Scroll            |     4 |       ||     4
Armor: Leather armour    |    11 |       ||    11
       Ring mail         |     1 |    25 ||    26
Dodge: Dodged            |    15 |    38 ||    53
